 Dungeon Crawl Stone Soup version 0.17.0-23-g0de4337 (console) character file.

1236 gw the Cutter (level 8, 0/63 HPs)
             Began as a Vine Stalker Berserker on Nov 14, 2015.
             Was a Priest of Trog.
             Slain by a yak (8 damage)
             ... on level 6 of the Dungeon.
             The game lasted 00:07:27 (4843 turns).

gw the Cutter (Vine Stalker Berserker)              Turns: 4843, Time: 00:07:27

Health: 0/63       AC:  8    Str: 25    XL:     8   Next: 49%
Magic:  0/9        EV: 13    Int:  7    God:    Trog [***...]
Gold:   254        SH:  0    Dex: 16    Spells: 0 memorised, 7 levels left

rFire  + . .     SeeInvis .     a - +0 short sword
rCold  . . .     Clarity  .     f - +0 ring mail {rF+}
rNeg   . . .     SustAt   .     (no shield)
rPois  +         Gourm    .     (helmet restricted)
rElec  +         Spirit   +     (no cloak)
rCorr  .         Warding  .     s - +1 pair of gloves
rMut   .         Stasis   .     d - +0 pair of boots
MR     +++..                    (no amulet)
Stlth  ..........               (no ring)
                                m - ring of poison resistance

@: berserking, regenerating, very quick, extremely resistant to hostile
enchantments, extremely unstealthy
A: fangs 3, horns 1, regeneration 2, electricity resistance, magic shield,
antimagic bite, no device heal 3, rot immunity
a: Berserk, Trog's Hand, Burn Spellbooks, Renounce Religion


You were on level 6 of the Dungeon.
You worshipped Trog.
Trog was most pleased with you.
You were not hungry.

You visited 1 branch of the dungeon, and saw 6 of its levels.

You collected 254 gold pieces.

Inventory:

Hand Weapons
 a - a +0 short sword (weapon)
Missiles
 i - 2 javelins (quivered)
 j - 187 stones
Armour
 d - a +0 pair of boots (worn)
 f - a +0 ring mail of fire resistance (worn)
 s - a +1 pair of gloves (worn)
Jewellery
 m - a ring of poison resistance (left hand)
Wands
 q - a wand of polymorph (10)
 r - a wand of digging (8)
Scrolls
 e - 2 scrolls of teleportation
 g - 7 scrolls of remove curse
 n - 2 scrolls of identify
Potions
 h - a potion of might
 k - a potion of curing
 l - a potion of flight
Comestibles
 b - 5 beef jerkies
 c - 4 bread rations
 o - 2 meat rations
 p - 10 fruits
 t - 2 chunks of flesh


   Skills:
 + Level 4.9 Fighting
 * Level 6.1 Short Blades
 + Level 4.1 Throwing
 - Level 1.5 Armour
 + Level 3.8 Dodging


You had 7 spell levels left.
You didn't know any spells.

Dungeon Overview and Level Annotations

Branches:
Dungeon (6/15)
 Temple: D:4-7

Altars:
Ashenzari
Cheibriados
Makhleb
Qazlal
Ru
Vehumet

Annotations:
D:5 exclusion: downstairs


Innate Abilities, Weirdness & Mutations

You have razor-sharp teeth.
You heal very quickly.
When hurt, damage is shared between your health and your magic reserves.
Your bite disrupts and absorbs the magic of your enemies.
Potions and wands cannot restore your health.
You are immune to rotting.
You have a pair of small horns on your head.
You are resistant to electric shocks.


Message History

The yak is lightly wounded.
The yak gores you!
Your skin crawls.
You feel resistant to hostile enchantments.
You feel slightly more hungry.
You can no longer call in reinforcements.
The yak gores you!
MOVING TO (-7,3)
You barely miss the yak. You bite the yak. You drain its power.
You feel invigorated.
The yak is lightly wounded.
The yak misses you.
MOVING TO (-6,2)
You hit the yak but do no damage. Your bite misses the yak.
The yak is lightly wounded.
The yak completely misses you. The yak gores you!
A red film seems to cover your vision as you go berserk!
You feel yourself moving faster!
You feel mighty!
You feel somewhat more hungry. The orc hits you but does no damage.
The yak gores you!
You die...

..........## #........# ##.>.
...........# ##......## ##....
##......##.# ##....## #.....
##......##.# ###.### #.....
##......##.## ##...####.....
##......##..# #.......#.....
##.......##.### #.......#.....
..).......#...######.......#.....
##.....#.......#f....##.#####....
##.....###....YYYo...##.## ##...
#.....####..............# ####
#.....##.<..............#####...
####..##.#..#.####............##
##.#..##.#.####.####.########
####...###........# #.).).###.
##.....## #...###### #..##)..#.
#..##.#####...# ##.####...


You could see 3 yaks and an orc.

Table legend:
 A = Turns spent in this place as a percentage of turns spent in the entire game.
 B = Non-inter-level travel turns spent in this place as a percentage of non-inter-level travel turns spent in the entire game.
 C = Inter-level travel turns spent in this place as a percentage of turns spent in this place.
 D = Turns resting spent in this place as a percentage of non-inter-level travel turns spent in this place.
 E = Turns spent auto-exploring this place as a percentage of non-inter-level travel turns spent in this place.
 F = Non-inter-level travel turns spent in this place divided by the number of levels of this place that you've seen.
                   A       B       C       D       E      F
               +-------+-------+-------+-------+-------+----------------------
         Total | 100.0 | 100.0 |   0.4 |   0.9 |   2.4 | 1372.0
       Dungeon | 100.0 | 100.0 |   0.4 |   0.9 |   2.4 | 1372.0
               +-------+-------+-------+-------+-------+----------------------

Table legend:
 A = Kills in this place as a percentage of kills in entire the game.
 B = Kills by you in this place as a percentage of kills by you in the entire game.
 C = Kills by friends in this place as a percentage of kills by friends in the entire game.
 D = Other kills in this place as a percentage of other kills in the entire game.
 E = Experience gained in this place as a percentage of experience gained in the entire game.
 F = Experience gained in this place divided by the number of levels of this place that you have seen.
                   A       B       C       D       E      F
               +-------+-------+-------+-------+-------+----------------------
         Total | 100.0 | 100.0 |  -nan |  -nan | 100.0 | 294.3
       Dungeon | 100.0 | 100.0 |  -nan |  -nan | 100.0 | 294.3
               +-------+-------+-------+-------+-------+----------------------

Vanquished Creatures
  The ghost of gw the Cutter, an amateur VSGl (D:4)
  An orc warrior (D:6)
  A sky beast (D:6)
  A phantom (D:6)
  An ogre (D:4)
  2 giant frogs (D:6)
  A scorpion (D:6)
  An iron imp (D:5)
  A giant frog zombie (D:6)
  A hound (D:4)
  A jelly (D:5)
  An orc priest (D:4)
  2 orc wizards (D:6)
  A giant frog skeleton (D:6)
  An iguana (D:4)
  5 worker ants
  A hound zombie (D:4)
  A hound skeleton (D:6)
  4 adders
  An ooze (D:3)
  An adder zombie (D:5)
  4 worms
  5 giant geckos
  16 orcs
  7 giant cockroaches
  8 hobgoblins
  11 jackals
  11 kobolds
  3 quokkas
  7 bats
  A giant gecko skeleton (D:4)
  4 giant newts
  9 goblins
  5 rats
121 creatures vanquished.

Notes
Turn   | Place    | Note
--------------------------------------------------------------
     0 | D:1      | gw the Vine Stalker Berserker began the quest for the Orb.
     0 | D:1      | Reached XP level 1. HP: 11/11 MP: 2/2
    76 | D:1      | Reached skill level 3 in Short Blades
    76 | D:1      | Reached XP level 2. HP: 4/16 MP: 3/3
   323 | D:1      | Reached skill level 1 in Throwing
   696 | D:1      | Reached XP level 3. HP: 20/20 MP: 4/4
   779 | D:1      | Gained mutation: You are resistant to electric shocks. [potion of mutation]
   779 | D:1      | Gained mutation: You have a pair of small horns on your head. [potion of mutation]
   779 | D:1      | Gained mutation: You have razor-sharp teeth. [potion of mutation]
   813 | D:2      | Reached ** piety under Trog
  1160 | D:2      | Found a sacrificial altar of Ru.
  1160 | D:2      | Found a radiant altar of Vehumet.
  1163 | D:2      | Found a shattered altar of Ashenzari.
  1242 | D:2      | Found a faded altar to an unknown god.
  1577 | D:3      | Reached XP level 4. HP: 24/24 MP: 5/5
  2081 | D:3      | Reached *** piety under Trog
  2394 | D:4      | Noticed gw's ghost (amateur VSGl)
  2403 | D:4      | Killed gw's ghost
  2403 | D:4      | Reached skill level 4 in Short Blades
  2403 | D:4      | Reached XP level 5. HP: 28/28 MP: 6/6
  2508 | D:4      | Found a stormy altar of Qazlal.
  2534 | D:4      | Gained mutation: You heal very quickly. [Vine Stalker growth]
  2534 | D:4      | Reached XP level 6. HP: 22/32 MP: 5/7
  2984 | D:4      | Reached XP level 7. HP: 37/37 MP: 8/8
  3384 | D:5      | Entered Level 5 of the Dungeon
  3468 | D:5      | Found a burning altar of Makhleb.
  3572 | D:5      | Found a snail-covered altar of Cheibriados.
  3741 | D:5      | Reached skill level 5 in Short Blades
  4133 | D:6      | Noticed a yak
  4134 | D:6      | Noticed a yak
  4134 | D:6      | Noticed a yak
  4288 | D:6      | Mutation became permanent: You have razor-sharp teeth. [Vine Stalker growth]
  4288 | D:6      | Reached XP level 8. HP: 42/42 MP: 9/9
  4531 | D:6      | Reached skill level 6 in Short Blades
  4710 | D:6      | Reached **** piety under Trog
  4843 | D:6      | Slain by a yak

Action                   |  1- 3 |  4- 6 |  7- 9 || total
-------------------------+-------+-------+-------++-------
Melee: Short sword       |   125 |    92 |   104 ||   321
Throw: Stone             |    71 |    57 |    18 ||   146
       Javelin           |       |    30 |    31 ||    61
Invok: Berserk           |     1 |     1 |     2 ||     4
       Trog's Hand       |       |     1 |     2 ||     3
  Use: Scroll            |     8 |     1 |     2 ||    11
       Potion            |     6 |       |     3 ||     9
  Eat: Chunk             |     3 |     6 |     7 ||    16

Vault maps used:
D:1:      minmay_arrival_open_corners
D:2:      gammafunk_temple_overflow_forgotten, ecumenical_altar_1,
          grunt_ministairs_1
D:4:      old_standard_altar
D:5:      bloody_makhleb, first_bread, chei_slow_surprise
D:6:      eino_curves_04, minivault_26, uniq_crazy_yiuf_cottage
